Workbook

Sheet Summary
A1: Pest Control Budget Variance Report
A2: Calculated from entered Budget Detail only. Positive revenue and net variances are above budget; positive cost variance means actual cost is below budget. All examples are fictional.
A4: Revenue Indicators | D4: Cost and Net Indicators | G4: Measure | H4: Budget | I4: Actual
A5: Budget Revenue | B5: =IF(COUNT('Budget Detail'!$E$4:$E$103)=0,"",SUM('Budget Detail'!$E$4:$E$103)) | D5: Budget Cost | E5: =IF(COUNT('Budget Detail'!$I$4:$I$103)=0,"",SUM('Budget Detail'!$I$4:$I$103)) | G5: Revenue | H5: =IF($B$5="","",$B$5) | I5: =IF($B$6="","",$B$6)
A6: Actual Revenue | B6: =IF(COUNT('Budget Detail'!$F$4:$F$103)=0,"",SUM('Budget Detail'!$F$4:$F$103)) | D6: Actual Cost | E6: =IF(COUNT('Budget Detail'!$J$4:$J$103)=0,"",SUM('Budget Detail'!$J$4:$J$103)) | G6: Cost | H6: =IF($E$5="","",$E$5) | I6: =IF($E$6="","",$E$6)
A7: Revenue Variance | B7: =IF(OR($B$5="",$B$6=""),"",$B$6-$B$5) | D7: Cost Variance (Favorable) | E7: =IF(OR($E$5="",$E$6=""),"",$E$5-$E$6) | G7: Net | H7: =IF($E$9="","",$E$9) | I7: =IF($E$10="","",$E$10)
A8: Revenue Variance % | B8: =IFERROR($B$7/$B$5,"") | D8: Cost Variance % | E8: =IFERROR($E$7/$E$5,"")
D9: Budget Net | E9: =IF(OR($B$5="",$E$5=""),"",$B$5-$E$5)
A10: Review Indicators | D10: Actual Net | E10: =IF(OR($B$6="",$E$6=""),"",$B$6-$E$6)
A11: Entered Rows | B11: =COUNT('Budget Detail'!$A$4:$A$103) | D11: Net Variance | E11: =IF(OR($E$9="",$E$10=""),"",$E$10-$E$9)
A12: Check Variance | B12: =COUNTIF('Budget Detail'!$P$4:$P$103,"Check variance")
A13: Material Not in Complete Status | B13: =IF(Assumptions!$B$6="","",COUNTIFS('Budget Detail'!$P$4:$P$103,"Check variance",'Budget Detail'!$R$4:$R$103,"<>"&Assumptions!$B$6))
A14: Material Without Explanation | B14: =COUNTIFS('Budget Detail'!$P$4:$P$103,"Check variance",'Budget Detail'!$Q$4:$Q$103,"")
A15: Rows Needing Assumption Check | B15: =COUNTIF('Budget Detail'!$P$4:$P$103,"Check assumptions")

Sheet Budget Detail
A1: Pest Control Budget Variance Detail
A2: Enter yellow cells. Formula alerts request a human check; positive cost variance means actual cost is below budget. All example entries, routes, services, responsibilities, and transactions are fictional.
A3: Entry Date | B3: Route | C3: Service | D3: Responsibility | E3: Budget Revenue | F3: Actual Revenue | G3: Revenue Variance | H3: Revenue Variance % | I3: Budget Cost | J3: Actual Cost | K3: Cost Variance (Favorable) | L3: Cost Variance % | M3: Budget Net | N3: Actual Net | O3: Net Variance | P3: Variance Alert | Q3: Variance Explanation | R3: Review Status
A4: 46037 | B4: Sample Route Alpha | C4: Sample Routine Service | D4: Sample Operations Team | E4: 5000 | F4: 5500 | G4: =IF(OR($A4="",COUNT($E4,$F4)<2),"",$F4-$E4) | H4: =IF(OR($A4="",COUNT($E4,$F4)<2),"",IFERROR(($F4-$E4)/$E4,"")) | I4: 1800 | J4: 1850 | K4: =IF(OR($A4="",COUNT($I4,$J4)<2),"",$I4-$J4) | L4: =IF(OR($A4="",COUNT($I4,$J4)<2),"",IFERROR(($I4-$J4)/$I4,"")) | M4: =IF(OR($A4="",COUNT($E4,$I4)<2),"",$E4-$I4) | N4: =IF(OR($A4="",COUNT($F4,$J4)<2),"",$F4-$J4) | O4: =IF(OR($A4="",COUNT($E4,$F4,$I4,$J4)<4),"",($F4-$J4)-($E4-$I4)) | P4: =IF($A4="","",IF(COUNT($E4,$F4,$I4,$J4)<4,"Incomplete",IF(OR(NOT(ISNUMBER(Assumptions!$B$4)),NOT(ISNUMBER(Assumptions!$B$5))),"Check assumptions",IF(OR(IFERROR(ABS($G4)>=Assumptions!$B$4,FALSE),IFERROR(ABS($K4)>=Assumptions!$B$4,FALSE),IFERROR(ABS($H4)>=Assumptions!$B$5,FALSE),IFERROR(ABS($L4)>=Assumptions!$B$5,FALSE)),"Check variance","Within threshold")))) | Q4: Sample revenue reached the dollar review boundary. | R4: Explained
A5: 46051 | B5: Sample Route Beta | C5: Sample Inspection Visit | D5: Sample Service Team | E5: 4200 | F5: 4100 | G5: =IF(OR($A5="",COUNT($E5,$F5)<2),"",$F5-$E5) | H5: =IF(OR($A5="",COUNT($E5,$F5)<2),"",IFERROR(($F5-$E5)/$E5,"")) | I5: 1500 | J5: 1450 | K5: =IF(OR($A5="",COUNT($I5,$J5)<2),"",$I5-$J5) | L5: =IF(OR($A5="",COUNT($I5,$J5)<2),"",IFERROR(($I5-$J5)/$I5,"")) | M5: =IF(OR($A5="",COUNT($E5,$I5)<2),"",$E5-$I5) | N5: =IF(OR($A5="",COUNT($F5,$J5)<2),"",$F5-$J5) | O5: =IF(OR($A5="",COUNT($E5,$F5,$I5,$J5)<4),"",($F5-$J5)-($E5-$I5)) | P5: =IF($A5="","",IF(COUNT($E5,$F5,$I5,$J5)<4,"Incomplete",IF(OR(NOT(ISNUMBER(Assumptions!$B$4)),NOT(ISNUMBER(Assumptions!$B$5))),"Check assumptions",IF(OR(IFERROR(ABS($G5)>=Assumptions!$B$4,FALSE),IFERROR(ABS($K5)>=Assumptions!$B$4,FALSE),IFERROR(ABS($H5)>=Assumptions!$B$5,FALSE),IFERROR(ABS($L5)>=Assumptions!$B$5,FALSE)),"Check variance","Within threshold")))) | R5: Reviewed
A6: 46065 | B6: Sample Route Gamma | C6: Sample Exclusion Service | D6: Sample Sales Team | E6: 6800 | F6: 5900 | G6: =IF(OR($A6="",COUNT($E6,$F6)<2),"",$F6-$E6) | H6: =IF(OR($A6="",COUNT($E6,$F6)<2),"",IFERROR(($F6-$E6)/$E6,"")) | I6: 2800 | J6: 3000 | K6: =IF(OR($A6="",COUNT($I6,$J6)<2),"",$I6-$J6) | L6: =IF(OR($A6="",COUNT($I6,$J6)<2),"",IFERROR(($I6-$J6)/$I6,"")) | M6: =IF(OR($A6="",COUNT($E6,$I6)<2),"",$E6-$I6) | N6: =IF(OR($A6="",COUNT($F6,$J6)<2),"",$F6-$J6) | O6: =IF(OR($A6="",COUNT($E6,$F6,$I6,$J6)<4),"",($F6-$J6)-($E6-$I6)) | P6: =IF($A6="","",IF(COUNT($E6,$F6,$I6,$J6)<4,"Incomplete",IF(OR(NOT(ISNUMBER(Assumptions!$B$4)),NOT(ISNUMBER(Assumptions!$B$5))),"Check assumptions",IF(OR(IFERROR(ABS($G6)>=Assumptions!$B$4,FALSE),IFERROR(ABS($K6)>=Assumptions!$B$4,FALSE),IFERROR(ABS($H6)>=Assumptions!$B$5,FALSE),IFERROR(ABS($L6)>=Assumptions!$B$5,FALSE)),"Check variance","Within threshold")))) | Q6: Fewer fictional sample visits were entered than budgeted. | R6: Open
A7: 46079 | B7: Sample Route Delta | C7: Sample Follow-Up Visit | D7: Sample Office Team | E7: 3000 | F7: 3000 | G7: =IF(OR($A7="",COUNT($E7,$F7)<2),"",$F7-$E7) | H7: =IF(OR($A7="",COUNT($E7,$F7)<2),"",IFERROR(($F7-$E7)/$E7,"")) | I7: 1100 | J7: 1100 | K7: =IF(OR($A7="",COUNT($I7,$J7)<2),"",$I7-$J7) | L7: =IF(OR($A7="",COUNT($I7,$J7)<2),"",IFERROR(($I7-$J7)/$I7,"")) | M7: =IF(OR($A7="",COUNT($E7,$I7)<2),"",$E7-$I7) | N7: =IF(OR($A7="",COUNT($F7,$J7)<2),"",$F7-$J7) | O7: =IF(OR($A7="",COUNT($E7,$F7,$I7,$J7)<4),"",($F7-$J7)-($E7-$I7)) | P7: =IF($A7="","",IF(COUNT($E7,$F7,$I7,$J7)<4,"Incomplete",IF(OR(NOT(ISNUMBER(Assumptions!$B$4)),NOT(ISNUMBER(Assumptions!$B$5))),"Check assumptions",IF(OR(IFERROR(ABS($G7)>=Assumptions!$B$4,FALSE),IFERROR(ABS($K7)>=Assumptions!$B$4,FALSE),IFERROR(ABS($H7)>=Assumptions!$B$5,FALSE),IFERROR(ABS($L7)>=Assumptions!$B$5,FALSE)),"Check variance","Within threshold")))) | R7: Reviewed
A8: 46093 | B8: Sample Route Alpha | C8: Sample Exclusion Service | D8: Sample Operations Team | E8: 7500 | F8: 7900 | G8: =IF(OR($A8="",COUNT($E8,$F8)<2),"",$F8-$E8) | H8: =IF(OR($A8="",COUNT($E8,$F8)<2),"",IFERROR(($F8-$E8)/$E8,"")) | I8: 3000 | J8: 3550 | K8: =IF(OR($A8="",COUNT($I8,$J8)<2),"",$I8-$J8) | L8: =IF(OR($A8="",COUNT($I8,$J8)<2),"",IFERROR(($I8-$J8)/$I8,"")) | M8: =IF(OR($A8="",COUNT($E8,$I8)<2),"",$E8-$I8) | N8: =IF(OR($A8="",COUNT($F8,$J8)<2),"",$F8-$J8) | O8: =IF(OR($A8="",COUNT($E8,$F8,$I8,$J8)<4),"",($F8-$J8)-($E8-$I8)) | P8: =IF($A8="","",IF(COUNT($E8,$F8,$I8,$J8)<4,"Incomplete",IF(OR(NOT(ISNUMBER(Assumptions!$B$4)),NOT(ISNUMBER(Assumptions!$B$5))),"Check assumptions",IF(OR(IFERROR(ABS($G8)>=Assumptions!$B$4,FALSE),IFERROR(ABS($K8)>=Assumptions!$B$4,FALSE),IFERROR(ABS($H8)>=Assumptions!$B$5,FALSE),IFERROR(ABS($L8)>=Assumptions!$B$5,FALSE)),"Check variance","Within threshold")))) | Q8: Fictional sample labor hours exceeded the internal budget. | R8: Explained
A9: 46107 | B9: Sample Route Beta | C9: Sample Routine Service | D9: Sample Service Team | E9: 2600 | F9: 2300 | G9: =IF(OR($A9="",COUNT($E9,$F9)<2),"",$F9-$E9) | H9: =IF(OR($A9="",COUNT($E9,$F9)<2),"",IFERROR(($F9-$E9)/$E9,"")) | I9: 900 | J9: 920 | K9: =IF(OR($A9="",COUNT($I9,$J9)<2),"",$I9-$J9) | L9: =IF(OR($A9="",COUNT($I9,$J9)<2),"",IFERROR(($I9-$J9)/$I9,"")) | M9: =IF(OR($A9="",COUNT($E9,$I9)<2),"",$E9-$I9) | N9: =IF(OR($A9="",COUNT($F9,$J9)<2),"",$F9-$J9) | O9: =IF(OR($A9="",COUNT($E9,$F9,$I9,$J9)<4),"",($F9-$J9)-($E9-$I9)) | P9: =IF($A9="","",IF(COUNT($E9,$F9,$I9,$J9)<4,"Incomplete",IF(OR(NOT(ISNUMBER(Assumptions!$B$4)),NOT(ISNUMBER(Assumptions!$B$5))),"Check assumptions",IF(OR(IFERROR(ABS($G9)>=Assumptions!$B$4,FALSE),IFERROR(ABS($K9)>=Assumptions!$B$4,FALSE),IFERROR(ABS($H9)>=Assumptions!$B$5,FALSE),IFERROR(ABS($L9)>=Assumptions!$B$5,FALSE)),"Check variance","Within threshold")))) | R9: Open
A10: 46121 | B10: Sample Route Gamma | C10: Sample Inspection Visit | D10: Sample Sales Team | E10: 5400 | F10: 5450 | G10: =IF(OR($A10="",COUNT($E10,$F10)<2),"",$F10-$E10) | H10: =IF(OR($A10="",COUNT($E10,$F10)<2),"",IFERROR(($F10-$E10)/$E10,"")) | I10: 2100 | J10: 2050 | K10: =IF(OR($A10="",COUNT($I10,$J10)<2),"",$I10-$J10) | L10: =IF(OR($A10="",COUNT($I10,$J10)<2),"",IFERROR(($I10-$J10)/$I10,"")) | M10: =IF(OR($A10="",COUNT($E10,$I10)<2),"",$E10-$I10) | N10: =IF(OR($A10="",COUNT($F10,$J10)<2),"",$F10-$J10) | O10: =IF(OR($A10="",COUNT($E10,$F10,$I10,$J10)<4),"",($F10-$J10)-($E10-$I10)) | P10: =IF($A10="","",IF(COUNT($E10,$F10,$I10,$J10)<4,"Incomplete",IF(OR(NOT(ISNUMBER(Assumptions!$B$4)),NOT(ISNUMBER(Assumptions!$B$5))),"Check assumptions",IF(OR(IFERROR(ABS($G10)>=Assumptions!$B$4,FALSE),IFERROR(ABS($K10)>=Assumptions!$B$4,FALSE),IFERROR(ABS($H10)>=Assumptions!$B$5,FALSE),IFERROR(ABS($L10)>=Assumptions!$B$5,FALSE)),"Check variance","Within threshold")))) | R10: Reviewed
A11: 46135 | B11: Sample Route Delta | C11: Sample Follow-Up Visit | D11: Sample Office Team | E11: 8200 | F11: 8800 | G11: =IF(OR($A11="",COUNT($E11,$F11)<2),"",$F11-$E11) | H11: =IF(OR($A11="",COUNT($E11,$F11)<2),"",IFERROR(($F11-$E11)/$E11,"")) | I11: 3400 | J11: 3600 | K11: =IF(OR($A11="",COUNT($I11,$J11)<2),"",$I11-$J11) | L11: =IF(OR($A11="",COUNT($I11,$J11)<2),"",IFERROR(($I11-$J11)/$I11,"")) | M11: =IF(OR($A11="",COUNT($E11,$I11)<2),"",$E11-$I11) | N11: =IF(OR($A11="",COUNT($F11,$J11)<2),"",$F11-$J11) | O11: =IF(OR($A11="",COUNT($E11,$F11,$I11,$J11)<4),"",($F11-$J11)-($E11-$I11)) | P11: =IF($A11="","",IF(COUNT($E11,$F11,$I11,$J11)<4,"Incomplete",IF(OR(NOT(ISNUMBER(Assumptions!$B$4)),NOT(ISNUMBER(Assumptions!$B$5))),"Check assumptions",IF(OR(IFERROR(ABS($G11)>=Assumptions!$B$4,FALSE),IFERROR(ABS($K11)>=Assumptions!$B$4,FALSE),IFERROR(ABS($H11)>=Assumptions!$B$5,FALSE),IFERROR(ABS($L11)>=Assumptions!$B$5,FALSE)),"Check variance","Within threshold")))) | Q11: Fictional sample revenue was above the entered budget. | R11: Reviewed
A12: 46149 | B12: Sample Route Alpha | C12: Sample Routine Service | D12: Sample Operations Team | E12: 4700 | F12: 4200 | G12: =IF(OR($A12="",COUNT($E12,$F12)<2),"",$F12-$E12) | H12: =IF(OR($A12="",COUNT($E12,$F12)<2),"",IFERROR(($F12-$E12)/$E12,"")) | I12: 1700 | J12: 1600 | K12: =IF(OR($A12="",COUNT($I12,$J12)<2),"",$I12-$J12) | L12: =IF(OR($A12="",COUNT($I12,$J12)<2),"",IFERROR(($I12-$J12)/$I12,"")) | M12: =IF(OR($A12="",COUNT($E12,$I12)<2),"",$E12-$I12) | N12: =IF(OR($A12="",COUNT($F12,$J12)<2),"",$F12-$J12) | O12: =IF(OR($A12="",COUNT($E12,$F12,$I12,$J12)<4),"",($F12-$J12)-($E12-$I12)) | P12: =IF($A12="","",IF(COUNT($E12,$F12,$I12,$J12)<4,"Incomplete",IF(OR(NOT(ISNUMBER(Assumptions!$B$4)),NOT(ISNUMBER(Assumptions!$B$5))),"Check assumptions",IF(OR(IFERROR(ABS($G12)>=Assumptions!$B$4,FALSE),IFERROR(ABS($K12)>=Assumptions!$B$4,FALSE),IFERROR(ABS($H12)>=Assumptions!$B$5,FALSE),IFERROR(ABS($L12)>=Assumptions!$B$5,FALSE)),"Check variance","Within threshold")))) | Q12: Sample revenue reached the negative dollar review boundary. | R12: Explained
A13: 46163 | B13: Sample Route Beta | C13: Sample Exclusion Service | D13: Sample Service Team | E13: 0 | F13: 800 | G13: =IF(OR($A13="",COUNT($E13,$F13)<2),"",$F13-$E13) | H13: =IF(OR($A13="",COUNT($E13,$F13)<2),"",IFERROR(($F13-$E13)/$E13,"")) | I13: 0 | J13: 300 | K13: =IF(OR($A13="",COUNT($I13,$J13)<2),"",$I13-$J13) | L13: =IF(OR($A13="",COUNT($I13,$J13)<2),"",IFERROR(($I13-$J13)/$I13,"")) | M13: =IF(OR($A13="",COUNT($E13,$I13)<2),"",$E13-$I13) | N13: =IF(OR($A13="",COUNT($F13,$J13)<2),"",$F13-$J13) | O13: =IF(OR($A13="",COUNT($E13,$F13,$I13,$J13)<4),"",($F13-$J13)-($E13-$I13)) | P13: =IF($A13="","",IF(COUNT($E13,$F13,$I13,$J13)<4,"Incomplete",IF(OR(NOT(ISNUMBER(Assumptions!$B$4)),NOT(ISNUMBER(Assumptions!$B$5))),"Check assumptions",IF(OR(IFERROR(ABS($G13)>=Assumptions!$B$4,FALSE),IFERROR(ABS($K13)>=Assumptions!$B$4,FALSE),IFERROR(ABS($H13)>=Assumptions!$B$5,FALSE),IFERROR(ABS($L13)>=Assumptions!$B$5,FALSE)),"Check variance","Within threshold")))) | Q13: Unbudgeted fictional sample activity was entered. | R13: Open
G14: =IF(OR($A14="",COUNT($E14,$F14)<2),"",$F14-$E14) | H14: =IF(OR($A14="",COUNT($E14,$F14)<2),"",IFERROR(($F14-$E14)/$E14,"")) | K14: =IF(OR($A14="",COUNT($I14,$J14)<2),"",$I14-$J14) | L14: =IF(OR($A14="",COUNT($I14,$J14)<2),"",IFERROR(($I14-$J14)/$I14,"")) | M14: =IF(OR($A14="",COUNT($E14,$I14)<2),"",$E14-$I14) | N14: =IF(OR($A14="",COUNT($F14,$J14)<2),"",$F14-$J14) | O14: =IF(OR($A14="",COUNT($E14,$F14,$I14,$J14)<4),"",($F14-$J14)-($E14-$I14)) | P14: =IF($A14="","",IF(COUNT($E14,$F14,$I14,$J14)<4,"Incomplete",IF(OR(NOT(ISNUMBER(Assumptions!$B$4)),NOT(ISNUMBER(Assumptions!$B$5))),"Check assumptions",IF(OR(IFERROR(ABS($G14)>=Assumptions!$B$4,FALSE),IFERROR(ABS($K14)>=Assumptions!$B$4,FALSE),IFERROR(ABS($H14)>=Assumptions!$B$5,FALSE),IFERROR(ABS($L14)>=Assumptions!$B$5,FALSE)),"Check variance","Within threshold"))))
G15: =IF(OR($A15="",COUNT($E15,$F15)<2),"",$F15-$E15) | H15: =IF(OR($A15="",COUNT($E15,$F15)<2),"",IFERROR(($F15-$E15)/$E15,"")) | K15: =IF(OR($A15="",COUNT($I15,$J15)<2),"",$I15-$J15) | L15: =IF(OR($A15="",COUNT($I15,$J15)<2),"",IFERROR(($I15-$J15)/$I15,"")) | M15: =IF(OR($A15="",COUNT($E15,$I15)<2),"",$E15-$I15) | N15: =IF(OR($A15="",COUNT($F15,$J15)<2),"",$F15-$J15) | O15: =IF(OR($A15="",COUNT($E15,$F15,$I15,$J15)<4),"",($F15-$J15)-($E15-$I15)) | P15: =IF($A15="","",IF(COUNT($E15,$F15,$I15,$J15)<4,"Incomplete",IF(OR(NOT(ISNUMBER(Assumptions!$B$4)),NOT(ISNUMBER(Assumptions!$B$5))),"Check assumptions",IF(OR(IFERROR(ABS($G15)>=Assumptions!$B$4,FALSE),IFERROR(ABS($K15)>=Assumptions!$B$4,FALSE),IFERROR(ABS($H15)>=Assumptions!$B$5,FALSE),IFERROR(ABS($L15)>=Assumptions!$B$5,FALSE)),"Check variance","Within threshold"))))
G16: =IF(OR($A16="",COUNT($E16,$F16)<2),"",$F16-$E16) | H16: =IF(OR($A16="",COUNT($E16,$F16)<2),"",IFERROR(($F16-$E16)/$E16,"")) | K16: =IF(OR($A16="",COUNT($I16,$J16)<2),"",$I16-$J16) | L16: =IF(OR($A16="",COUNT($I16,$J16)<2),"",IFERROR(($I16-$J16)/$I16,"")) | M16: =IF(OR($A16="",COUNT($E16,$I16)<2),"",$E16-$I16) | N16: =IF(OR($A16="",COUNT($F16,$J16)<2),"",$F16-$J16) | O16: =IF(OR($A16="",COUNT($E16,$F16,$I16,$J16)<4),"",($F16-$J16)-($E16-$I16)) | P16: =IF($A16="","",IF(COUNT($E16,$F16,$I16,$J16)<4,"Incomplete",IF(OR(NOT(ISNUMBER(Assumptions!$B$4)),NOT(ISNUMBER(Assumptions!$B$5))),"Check assumptions",IF(OR(IFERROR(ABS($G16)>=Assumptions!$B$4,FALSE),IFERROR(ABS($K16)>=Assumptions!$B$4,FALSE),IFERROR(ABS($H16)>=Assumptions!$B$5,FALSE),IFERROR(ABS($L16)>=Assumptions!$B$5,FALSE)),"Check variance","Within threshold"))))
G17: =IF(OR($A17="",COUNT($E17,$F17)<2),"",$F17-$E17) | H17: =IF(OR($A17="",COUNT($E17,$F17)<2),"",IFERROR(($F17-$E17)/$E17,"")) | K17: =IF(OR($A17="",COUNT($I17,$J17)<2),"",$I17-$J17) | L17: =IF(OR($A17="",COUNT($I17,$J17)<2),"",IFERROR(($I17-$J17)/$I17,"")) | M17: =IF(OR($A17="",COUNT($E17,$I17)<2),"",$E17-$I17) | N17: =IF(OR($A17="",COUNT($F17,$J17)<2),"",$F17-$J17) | O17: =IF(OR($A17="",COUNT($E17,$F17,$I17,$J17)<4),"",($F17-$J17)-($E17-$I17)) | P17: =IF($A17="","",IF(COUNT($E17,$F17,$I17,$J17)<4,"Incomplete",IF(OR(NOT(ISNUMBER(Assumptions!$B$4)),NOT(ISNUMBER(Assumptions!$B$5))),"Check assumptions",IF(OR(IFERROR(ABS($G17)>=Assumptions!$B$4,FALSE),IFERROR(ABS($K17)>=Assumptions!$B$4,FALSE),IFERROR(ABS($H17)>=Assumptions!$B$5,FALSE),IFERROR(ABS($L17)>=Assumptions!$B$5,FALSE)),"Check variance","Within threshold"))))
G18: =IF(OR($A18="",COUNT($E18,$F18)<2),"",$F18-$E18) | H18: =IF(OR($A18="",COUNT($E18,$F18)<2),"",IFERROR(($F18-$E18)/$E18,"")) | K18: =IF(OR($A18="",COUNT($I18,$J18)<2),"",$I18-$J18) | L18: =IF(OR($A18="",COUNT($I18,$J18)<2),"",IFERROR(($I18-$J18)/$I18,"")) | M18: =IF(OR($A18="",COUNT($E18,$I18)<2),"",$E18-$I18) | N18: =IF(OR($A18="",COUNT($F18,$J18)<2),"",$F18-$J18) | O18: =IF(OR($A18="",COUNT($E18,$F18,$I18,$J18)<4),"",($F18-$J18)-($E18-$I18)) | P18: =IF($A18="","",IF(COUNT($E18,$F18,$I18,$J18)<4,"Incomplete",IF(OR(NOT(ISNUMBER(Assumptions!$B$4)),NOT(ISNUMBER(Assumptions!$B$5))),"Check assumptions",IF(OR(IFERROR(ABS($G18)>=Assumptions!$B$4,FALSE),IFERROR(ABS($K18)>=Assumptions!$B$4,FALSE),IFERROR(ABS($H18)>=Assumptions!$B$5,FALSE),IFERROR(ABS($L18)>=Assumptions!$B$5,FALSE)),"Check variance","Within threshold"))))
G19: =IF(OR($A19="",COUNT($E19,$F19)<2),"",$F19-$E19) | H19: =IF(OR($A19="",COUNT($E19,$F19)<2),"",IFERROR(($F19-$E19)/$E19,"")) | K19: =IF(OR($A19="",COUNT($I19,$J19)<2),"",$I19-$J19) | L19: =IF(OR($A19="",COUNT($I19,$J19)<2),"",IFERROR(($I19-$J19)/$I19,"")) | M19: =IF(OR($A19="",COUNT($E19,$I19)<2),"",$E19-$I19) | N19: =IF(OR($A19="",COUNT($F19,$J19)<2),"",$F19-$J19) | O19: =IF(OR($A19="",COUNT($E19,$F19,$I19,$J19)<4),"",($F19-$J19)-($E19-$I19)) | P19: =IF($A19="","",IF(COUNT($E19,$F19,$I19,$J19)<4,"Incomplete",IF(OR(NOT(ISNUMBER(Assumptions!$B$4)),NOT(ISNUMBER(Assumptions!$B$5))),"Check assumptions",IF(OR(IFERROR(ABS($G19)>=Assumptions!$B$4,FALSE),IFERROR(ABS($K19)>=Assumptions!$B$4,FALSE),IFERROR(ABS($H19)>=Assumptions!$B$5,FALSE),IFERROR(ABS($L19)>=Assumptions!$B$5,FALSE)),"Check variance","Within threshold"))))
G20: =IF(OR($A20="",COUNT($E20,$F20)<2),"",$F20-$E20) | H20: =IF(OR($A20="",COUNT($E20,$F20)<2),"",IFERROR(($F20-$E20)/$E20,"")) | K20: =IF(OR($A20="",COUNT($I20,$J20)<2),"",$I20-$J20) | L20: =IF(OR($A20="",COUNT($I20,$J20)<2),"",IFERROR(($I20-$J20)/$I20,"")) | M20: =IF(OR($A20="",COUNT($E20,$I20)<2),"",$E20-$I20) | N20: =IF(OR($A20="",COUNT($F20,$J20)<2),"",$F20-$J20) | O20: =IF(OR($A20="",COUNT($E20,$F20,$I20,$J20)<4),"",($F20-$J20)-($E20-$I20)) | P20: =IF($A20="","",IF(COUNT($E20,$F20,$I20,$J20)<4,"Incomplete",IF(OR(NOT(ISNUMBER(Assumptions!$B$4)),NOT(ISNUMBER(Assumptions!$B$5))),"Check assumptions",IF(OR(IFERROR(ABS($G20)>=Assumptions!$B$4,FALSE),IFERROR(ABS($K20)>=Assumptions!$B$4,FALSE),IFERROR(ABS($H20)>=Assumptions!$B$5,FALSE),IFERROR(ABS($L20)>=Assumptions!$B$5,FALSE)),"Check variance","Within threshold"))))
G21: =IF(OR($A21="",COUNT($E21,$F21)<2),"",$F21-$E21) | H21: =IF(OR($A21="",COUNT($E21,$F21)<2),"",IFERROR(($F21-$E21)/$E21,"")) | K21: =IF(OR($A21="",COUNT($I21,$J21)<2),"",$I21-$J21) | L21: =IF(OR($A21="",COUNT($I21,$J21)<2),"",IFERROR(($I21-$J21)/$I21,"")) | M21: =IF(OR($A21="",COUNT($E21,$I21)<2),"",$E21-$I21) | N21: =IF(OR($A21="",COUNT($F21,$J21)<2),"",$F21-$J21) | O21: =IF(OR($A21="",COUNT($E21,$F21,$I21,$J21)<4),"",($F21-$J21)-($E21-$I21)) | P21: =IF($A21="","",IF(COUNT($E21,$F21,$I21,$J21)<4,"Incomplete",IF(OR(NOT(ISNUMBER(Assumptions!$B$4)),NOT(ISNUMBER(Assumptions!$B$5))),"Check assumptions",IF(OR(IFERROR(ABS($G21)>=Assumptions!$B$4,FALSE),IFERROR(ABS($K21)>=Assumptions!$B$4,FALSE),IFERROR(ABS($H21)>=Assumptions!$B$5,FALSE),IFERROR(ABS($L21)>=Assumptions!$B$5,FALSE)),"Check variance","Within threshold"))))
G22: =IF(OR($A22="",COUNT($E22,$F22)<2),"",$F22-$E22) | H22: =IF(OR($A22="",COUNT($E22,$F22)<2),"",IFERROR(($F22-$E22)/$E22,"")) | K22: =IF(OR($A22="",COUNT($I22,$J22)<2),"",$I22-$J22) | L22: =IF(OR($A22="",COUNT($I22,$J22)<2),"",IFERROR(($I22-$J22)/$I22,"")) | M22: =IF(OR($A22="",COUNT($E22,$I22)<2),"",$E22-$I22) | N22: =IF(OR($A22="",COUNT($F22,$J22)<2),"",$F22-$J22) | O22: =IF(OR($A22="",COUNT($E22,$F22,$I22,$J22)<4),"",($F22-$J22)-($E22-$I22)) | P22: =IF($A22="","",IF(COUNT($E22,$F22,$I22,$J22)<4,"Incomplete",IF(OR(NOT(ISNUMBER(Assumptions!$B$4)),NOT(ISNUMBER(Assumptions!$B$5))),"Check assumptions",IF(OR(IFERROR(ABS($G22)>=Assumptions!$B$4,FALSE),IFERROR(ABS($K22)>=Assumptions!$B$4,FALSE),IFERROR(ABS($H22)>=Assumptions!$B$5,FALSE),IFERROR(ABS($L22)>=Assumptions!$B$5,FALSE)),"Check variance","Within threshold"))))
G23: =IF(OR($A23="",COUNT($E23,$F23)<2),"",$F23-$E23) | H23: =IF(OR($A23="",COUNT($E23,$F23)<2),"",IFERROR(($F23-$E23)/$E23,"")) | K23: =IF(OR($A23="",COUNT($I23,$J23)<2),"",$I23-$J23) | L23: =IF(OR($A23="",COUNT($I23,$J23)<2),"",IFERROR(($I23-$J23)/$I23,"")) | M23: =IF(OR($A23="",COUNT($E23,$I23)<2),"",$E23-$I23) | N23: =IF(OR($A23="",COUNT($F23,$J23)<2),"",$F23-$J23) | O23: =IF(OR($A23="",COUNT($E23,$F23,$I23,$J23)<4),"",($F23-$J23)-($E23-$I23)) | P23: =IF($A23="","",IF(COUNT($E23,$F23,$I23,$J23)<4,"Incomplete",IF(OR(NOT(ISNUMBER(Assumptions!$B$4)),NOT(ISNUMBER(Assumptions!$B$5))),"Check assumptions",IF(OR(IFERROR(ABS($G23)>=Assumptions!$B$4,FALSE),IFERROR(ABS($K23)>=Assumptions!$B$4,FALSE),IFERROR(ABS($H23)>=Assumptions!$B$5,FALSE),IFERROR(ABS($L23)>=Assumptions!$B$5,FALSE)),"Check variance","Within threshold"))))
G24: =IF(OR($A24="",COUNT($E24,$F24)<2),"",$F24-$E24) | H24: =IF(OR($A24="",COUNT($E24,$F24)<2),"",IFERROR(($F24-$E24)/$E24,"")) | K24: =IF(OR($A24="",COUNT($I24,$J24)<2),"",$I24-$J24) | L24: =IF(OR($A24="",COUNT($I24,$J24)<2),"",IFERROR(($I24-$J24)/$I24,"")) | M24: =IF(OR($A24="",COUNT($E24,$I24)<2),"",$E24-$I24) | N24: =IF(OR($A24="",COUNT($F24,$J24)<2),"",$F24-$J24) | O24: =IF(OR($A24="",COUNT($E24,$F24,$I24,$J24)<4),"",($F24-$J24)-($E24-$I24)) | P24: =IF($A24="","",IF(COUNT($E24,$F24,$I24,$J24)<4,"Incomplete",IF(OR(NOT(ISNUMBER(Assumptions!$B$4)),NOT(ISNUMBER(Assumptions!$B$5))),"Check assumptions",IF(OR(IFERROR(ABS($G24)>=Assumptions!$B$4,FALSE),IFERROR(ABS($K24)>=Assumptions!$B$4,FALSE),IFERROR(ABS($H24)>=Assumptions!$B$5,FALSE),IFERROR(ABS($L24)>=Assumptions!$B$5,FALSE)),"Check variance","Within threshold"))))
G25: =IF(OR($A25="",COUNT($E25,$F25)<2),"",$F25-$E25) | H25: =IF(OR($A25="",COUNT($E25,$F25)<2),"",IFERROR(($F25-$E25)/$E25,"")) | K25: =IF(OR($A25="",COUNT($I25,$J25)<2),"",$I25-$J25) | L25: =IF(OR($A25="",COUNT($I25,$J25)<2),"",IFERROR(($I25-$J25)/$I25,"")) | M25: =IF(OR($A25="",COUNT($E25,$I25)<2),"",$E25-$I25) | N25: =IF(OR($A25="",COUNT($F25,$J25)<2),"",$F25-$J25) | O25: =IF(OR($A25="",COUNT($E25,$F25,$I25,$J25)<4),"",($F25-$J25)-($E25-$I25)) | P25: =IF($A25="","",IF(COUNT($E25,$F25,$I25,$J25)<4,"Incomplete",IF(OR(NOT(ISNUMBER(Assumptions!$B$4)),NOT(ISNUMBER(Assumptions!$B$5))),"Check assumptions",IF(OR(IFERROR(ABS($G25)>=Assumptions!$B$4,FALSE),IFERROR(ABS($K25)>=Assumptions!$B$4,FALSE),IFERROR(ABS($H25)>=Assumptions!$B$5,FALSE),IFERROR(ABS($L25)>=Assumptions!$B$5,FALSE)),"Check variance","Within threshold"))))
... G103: =IF(OR($A103="",COUNT($E103,$F103)<2),"",$F103-$E103) | H103: =IF(OR($A103="",COUNT($E103,$F103)<2),"",IFERROR(($F103-$E103)/$E103,"")) | K103: =IF(OR($A103="",COUNT($I103,$J103)<2),"",$I103-$J103) | L103: =IF(OR($A103="",COUNT($I103,$J103)<2),"",IFERROR(($I103-$J103)/$I103,"")) | M103: =IF(OR($A103="",COUNT($E103,$I103)<2),"",$E103-$I103) | N103: =IF(OR($A103="",COUNT($F103,$J103)<2),"",$F103-$J103) | O103: =IF(OR($A103="",COUNT($E103,$F103,$I103,$J103)<4),"",($F103-$J103)-($E103-$I103)) | P103: =IF($A103="","",IF(COUNT($E103,$F103,$I103,$J103)<4,"Incomplete",IF(OR(NOT(ISNUMBER(Assumptions!$B$4)),NOT(ISNUMBER(Assumptions!$B$5))),"Check assumptions",IF(OR(IFERROR(ABS($G103)>=Assumptions!$B$4,FALSE),IFERROR(ABS($K103)>=Assumptions!$B$4,FALSE),IFERROR(ABS($H103)>=Assumptions!$B$5,FALSE),IFERROR(ABS($L103)>=Assumptions!$B$5,FALSE)),"Check variance","Within threshold"))))

Sheet Assumptions
A1: Budget Variance Assumptions
A2: Edit the yellow management thresholds and controlled lists. These settings are not regulatory, legal, safety, environmental, or tax guidance.
A3: Setting | B3: Value | C3: Use in this workbook
A4: Material variance amount | B4: 500 | C4: Requests a check when an absolute revenue or cost variance reaches this dollar amount.
A5: Material variance rate | B5: 0.1 | C5: Requests a check when an absolute revenue or cost variance reaches this percentage.
A6: Completed review status | B6: Reviewed | C6: Status treated as complete in the Summary review count.
A7: Earliest entry date | B7: 43831 | C7: Earliest date accepted in Budget Detail.
A8: Latest entry date | B8: 49674 | C8: Latest date accepted in Budget Detail.
A10: Route Choices | C10: Service Choices | E10: Responsibility Choices | G10: Status Choices
A11: Sample Route Alpha | C11: Sample Routine Service | E11: Sample Operations Team | G11: Open
A12: Sample Route Beta | C12: Sample Inspection Visit | E12: Sample Service Team | G12: Explained
A13: Sample Route Gamma | C13: Sample Exclusion Service | E13: Sample Sales Team | G13: Reviewed
A14: Sample Route Delta | C14: Sample Follow-Up Visit | E14: Sample Office Team | G14: Not applicable
